 Dungeon Crawl Stone Soup version 0.14-a0-788-g14b720c (webtiles) character file.

206 MackTheKnife the Digger (level 4, -3/24 HPs)
             Began as a Gargoyle Earth Elementalist on Nov 10, 2013.
             Slain by an orc priest
             ... wielding a +0,+1 orcish falchion
              (7 damage)
             ... on Level 3 of the Dungeon.
             The game lasted 00:05:56 (3621 turns).

MackTheKnife the Digger (GrEE)                      Turns: 3621, Time: 00:05:56

HP  -3/24        AC  5     Str 11      XL: 4   Next: 63%
MP   2/8         EV 17     Int 16      God:
Gold 112         SH  0     Dex 16      Spells:  3 memorised,  1 level left

Res.Fire  : . . .   See Invis. : .   q - +0 flail
Res.Cold  : . . .   Warding    : .   c - +0 robe
Life Prot.: + + .   Conserve   : .   (no shield)
Res.Poison: +       Res.Corr.  : .   (no helmet)
Res.Elec. : .       Clarity    : .   (no cloak)
Sust.Abil.: . .     Spirit.Shd : .   (no gloves)
Res.Mut.  : .       Stasis     : .   (no boots)
Res.Rott. : +       Flight     : .   (no amulet)
Saprovore : . . .                    (no ring)
                                     j - ring of positive energy

@: agile, very slightly contaminated, slightly resistant to hostile
enchantments, quite stealthy
A: fangs 1, talons 2, life protection 1, slow metabolism 1, unbreathing,
petrification resistance, AC +3
a: no special abilities


You were on level 3 of the Dungeon.
You were hungry.

You visited 1 branch of the dungeon, and saw 3 of its levels.

You collected 112 gold pieces.


Innate Abilities, Weirdness & Mutations

You are resistant to torment.
You are immune to poison.
Your stone body is very resilient (AC +3).
You have very sharp teeth.
You have razor-sharp toenails.
You resist negative energy.
You have a slow metabolism.
You can survive without breathing.
You are immune to petrification.


   Skills:
 - Level 1.5 Dodging
 - Level 2.1 Stealth
 - Level 2.3 Spellcasting
 + Level 1.5 Conjurations
 - Level 0.7 Transmutations
 + Level 5.1 Earth Magic


You had one spell level left.
You knew the following spells:

 Your Spells              Type           Power        Failure   Level  Hunger
a - Stoneskin             Trmt/Erth      ##........   10%         2    ##.....
x - Stone Arrow           Conj/Erth      ##....       17%         3    ####...
z - Sandblast             Erth           ###...       2%          1    #......

Inventory:

Hand weapons
 f - a +1,+2 dagger of distortion
 q - a +0,+0 flail (weapon)
Missiles
 b - 69 stones (quivered)
Armour
 c - a +0 robe (worn)
 u - a +0 orcish chain mail of fire resistance
Comestibles
 a - a bread ration
Scrolls
 g - 3 scrolls of remove curse {unknown}
 h - a scroll of enchant armour {unknown}
 l - a scroll of blinking {unknown}
 s - a scroll of fog {unknown}
 v - a scroll of enchant weapon II {unknown}
Jewellery
 i - an uncursed amulet of stasis {unknown}
 j - a ring of positive energy (left hand)
 p - a cursed ring of teleportation {unknown}
Potions
 e - a potion of restore abilities {unknown}
 k - a potion of agility
 m - 2 potions of curing {unknown}
 n - a potion of heal wounds {unknown}
 o - 2 potions of porridge {unknown}
 r - a potion of invisibility {unknown}
 t - a potion of berserk rage {unknown}
Books
 d - a book of Geomancy

   Spells                             Type                      Level
   *Sandblast                         Earth                        1
   *Stoneskin                         Transmutation/Earth          2
   Passwall                           Transmutation/Earth          3
   *Stone Arrow                       Conjuration/Earth            3
   Petrify                            Transmutation/Earth          4
   Lee's Rapid Deconstruction         Earth                        5

▒····(····▒ ▒·····
▒·········▒▒▒▒▒▒▒▒ ▒·····
·····················▒▒▒▒
·▒▒▒▒▒▒▒·▒▒▒▒▒▒▒▒▒▒·▒ ▒·▒
▒·▒ ▒ ▒·▒ ▒·▒ ▒▒ ▒ ▒·▒
▒·▒▒▒·
▒▒▒·▒▒▒▒▒▒▒(▒▒▒▒▒▒▒▒▒▒·····
·o········9(·············▒▒
▒▒·····oo▒▒▒▒▒·▒▒▒▒▒▒·▒···
▒···o··o▒ ▒·▒ ▒·▒▒▒·
▒····?··▒ ▒·▒ ▒·▒ ▒
▒·······▒ ▒·▒ ▒·▒ ▒·······▒
▒·▒ ▒·▒ ▒·······▒ ▒·▒
▒·▒▒▒▒ ▒·······▒ ▒·▒ ▒·····
▒·······▒ ▒·▒▒▒▒▒▒·····


You could see an orc priest and 3 orcs.


Message History

Aim: an orc priest, wielding an orcish falchion The stone arrow hits the orc priest.
The orc priest is heavily wounded.
The orc throws a poisoned dart.
The poisoned dart hits you!
Aiming: Stone Arrow
Aim: an orc priest, wielding an orcish falchion (heavily wounded)
You miscast Stone Arrow.
You are very lightly contaminated with residual magic.
Your talons feel warm.
The orc throws a poisoned dart.
The poisoned dart hits you!
You don't have enough magic to cast that spell.
The orc shouts!
The orc throws a poisoned dart.
The poisoned dart misses you.
The orc priest mumbles some strange prayers to Beogh against you.
Something smites you!
Ouch! That really hurt!
* * * LOW HITPOINT WARNING * * *
You hit the orc priest.
You bite the orc priest, but do no damage.
The orc priest is severely wounded.
The orc throws a poisoned dart.
The poisoned dart misses you. The orc priest closely misses you.
The orc throws a poisoned dart.
The poisoned dart hits you!
* * * LOW HITPOINT WARNING * * *
Unknown command.
Drink which item? (? for menu, Esc to quit)
You feel more agile all of a sudden.
It was a potion of agility.
The orc priest hits you with an orcish falchion!
You die...

Action                   |  1- 3 |  4- 6 || total
-------------------------+-------+-------++-------
Melee: Spear             |   106 |       ||   106
       Unarmed           |     5 |       ||     5
       Flail             |     5 |    61 ||    66
 Cast: Sandblast         |    10 |     1 ||    11
       Stoneskin         |     3 |     2 ||     5
       Stone Arrow       |       |     4 ||     4
  Use: Scroll            |     3 |     1 ||     4
       Potion            |       |     1 ||     1
 Stab: Sleeping          |     2 |     1 ||     3

Vault maps used:
D:1:      minmay_entry_checkered_box
D:3:      fedhas_altar_1, tso_metal_star, minmay_misc_feat_tower

Notes
Turn   | Place    | Note
--------------------------------------------------------------
     0 | D:1      | MackTheKnife, the Gargoyle Earth Elementalist, began the quest for the Orb.
     0 | D:1      | Reached XP level 1. HP: 10/10 MP: 3/3
   322 | D:1      | Reached XP level 2. HP: 15/15 MP: 4/4
   350 | D:1      | Reached skill level 4 in Earth Magic
  1206 | D:1      | Learned a level 2 spell: Stoneskin
  1510 | D:2      | Reached skill level 2 in Spellcasting
  1510 | D:2      | Reached XP level 3. HP: 11/19 MP: 4/6
  2262 | D:1      | Learned a level 3 spell: Stone Arrow
  2442 | D:2      | Reached XP level 4. HP: 21/24 MP: 8/8
  2542 | D:2      | Reached skill level 1 in Conjurations
  3000 | D:3      | Found a glowing golden altar of the Shining One.
  3038 | D:3      | Reached skill level 5 in Earth Magic
  3188 | D:3      | Noticed wojtek's ghost (average MfTm)
  3621 | D:3      | Slain by an orc priest

Vanquished Creatures
  An adder (D:3)
  3 gnolls (D:2)
  A worm (D:2)
  2 giant geckos (D:3)
  An ooze (D:1)
  2 ball pythons
  2 giant cockroaches (D:2)
  8 goblins
  3 hobgoblins
  5 kobolds
  2 quokkas
  6 bats
  5 giant newts
  5 rats
46 creatures vanquished.
